 Dungeon Crawl Stone Soup version 0.31-a0-1576-ga3383bade6 (webtiles) character file.

Game seed: 764937888321064272

2924 Flugslaktarn the Apothecary (level 9, 0/62 HPs)
             Began as an Octopode Alchemist on Jan 4, 2024.
             Was a Follower of Wu Jian.
             Slain by a sky beast (6 damage)
             ... on level 7 of the Dungeon.
             The game lasted 00:12:53 (3071 turns).

Flugslaktarn the Apothecary (Octopode Alchemist)    Turns: 3071, Time: 00:12:53

Health: 0/62       AC: -3    Str: 13    XL:     9   Next: 79%
Magic:  5/15       EV: 15    Int: 23    God:    Wu Jian [*.....]
Gold:   261        SH:  0    Dex: 17    Spells: 7/16 levels left

rFire   . . .        y - +3 trident (venom)
rCold   . . .        A - orb {*channel}
rNeg    . . .        (helmet restricted)
rPois   .            (no amulet)
rElec   .            k - +6 ring of intelligence
rCorr   .            i - +6 ring of strength
SInv    .            v - ring of wizardry
Will    .....        (no ring)
Stlth   +++          (no ring)
HPRegen 0.30/turn    (no ring)
MPRegen 0.14/turn    (no ring)
                     (no ring)

%: wizardry (x1), channel magic (20%)
@: corroded
A: almost no armour, amphibious, 8 rings, camouflage 1, gelatinous body 1,
(nimble swimmer 1), tentacles
a: Renounce Religion


You were on level 7 of the Dungeon.
You worshipped Wu Jian.
Wu Jian was aware of your devotion.
You visited 2 branches of the dungeon, and saw 9 of its levels.

You collected 261 gold pieces.

Inventory:

Hand Weapons
 f - a +0 dagger
   (You found it on level 1 of the Dungeon)
 l - a +0 short sword
   (You took it off a kobold on level 4 of the Dungeon)
 o - a +3 flail
   (You took it off a wight on level 6 of the Dungeon)
 w - a +4 great sword
   (You took it off a wight on level 5 of the Dungeon)
 y - a +3 trident of venom (weapon)
   (You took it off a gnoll sergeant on level 8 of the Dungeon)
 B - a +3 dagger
   (You took it off a kobold on level 8 of the Dungeon)
Armour
 A - an orb of energy (worn)
   (You found it on level 8 of the Dungeon)
Jewellery
 i - a +6 ring of strength (right tentacle)
   (You found it on level 4 of the Dungeon)
 k - a +6 ring of intelligence (left tentacle)
   (You found it on level 4 of the Dungeon)
 v - a ring of wizardry (on tentacle)
   (You found it on level 5 of the Dungeon)
Wands
 t - a wand of flame (2)
   (You found it on level 7 of the Dungeon)
Scrolls
 b - a scroll of fear
 g - a scroll of torment
 h - 2 scrolls of immolation
 j - 2 scrolls of amnesia
 m - 2 scrolls of fog {unknown}
 r - 2 scrolls of enchant armour
 u - a scroll of teleportation {unknown}
 z - a scroll of blinking
 C - a scroll of vulnerability {unknown}
 D - a scroll of poison {unknown}
Potions
 a - a potion of magic
 c - 3 potions of heal wounds {unknown}
 d - a potion of might
 e - a potion of attraction {unknown}
 n - a potion of cancellation
 p - 3 potions of haste {unknown}
 s - 2 potions of enlightenment
 x - a potion of mutation {unknown}
 E - a potion of brilliance {unknown}


   Skills:
 - Level 6.0 Fighting
 - Level 4.0 Dodging
 - Level 2.6 Stealth
 - Level 4.1 Unarmed Combat
 - Level 4.0 Spellcasting
 - Level 1.0 Conjurations
 - Level 5.0 Fire Magic
 - Level 7.0 Alchemy
 + Level 5.0 Shapeshifting


You had 7 spell levels left.
You knew the following spells:

 Your Spells              Type           Power      Damage    Failure   Level
a - Sting                 Conj/Alch      92%        1d8       3%          1
b - Olgreb's Toxic Radia  Alch           36%        N/A       7%          4
c - Sticky Flame          Fire/Alch      32%        2d7       9%          4

Your spell library contained the following spells:

 Spells                   Type           Power      Damage    Failure   Level
 Mercury Vapours          Alch/Air       40%        N/A       4%          2
 Mephitic Cloud           Conj/Alch/Air  16%        N/A       11%         3


Dungeon Overview and Level Annotations

Branches:
Dungeon (8/15)             Temple (1/1) D:6
   Lair: D:8-11

Altars:
Ashenzari
Cheibriados
Dithmenos
Elyvilon
Fedhas
Gozag
Hepliaklqana
Kikubaaqudgha
Makhleb
Nemelex Xobeh
Okawaru
Qazlal
Sif Muna
Trog
Uskayaw
Vehumet
Wu Jian
Xom
Zin
The Shining One

Annotations:
D:5 2 transporters
D:8 1 runed translucent door, makewrite's ghost, novice MiGl


Innate Abilities, Weirdness & Mutations

You cannot wear most types of armour.
You are amphibious.
You can wear up to eight rings at the same time.
Your skin changes colour to match your surroundings (Stealth+).
Your rubbery body absorbs attacks. (AC +1, EV +1)
((You are camouflaged when in or above water. (Stealth+)))
You have tentacles for arms and can constrict up to eight enemies at once.


Message History

The orc wizard looks as sick as possible!
The sky beast is poisoned.
The orc wizard looks as sick as possible!
The sky beast looks even sicker.
The orc wizard hits you with a +0 dagger.
You closely miss the orc wizard. You grab the orc wizard.
The orc wizard is almost dead.
You kill the orc wizard!
The Council accepts your kill.
Your toxic aura wanes.
The sky beast hits you. The sky beast shocks you.
The sky beast barely misses you.
You closely miss the sky beast.
The sky beast is moderately wounded.
The sky beast barely misses you.
You barely miss the sky beast.
The sky beast is moderately wounded.
The sky beast completely misses you.
Your magical contamination has completely faded away.
You hit the jelly.
Your tentacles burn!
The jelly is lightly wounded.
The jelly hits you. The acid corrodes you!
You are splashed with acid!
The jelly hits you.
You are splashed with acid!
* * * LOW HITPOINT WARNING * * *
The sky beast flickers out of sight!
Deactivating autopickup; reactivate with Ctrl-A.
You are too injured to fight recklessly!
Casting: Olgreb's Toxic Radiance (dangerous; 7% risk of failure)
Confirm with . or Enter, or press ? or * to list all spells.
Aiming: Sting (safe; 3% risk of failure)
Press: ? - help, Shift-Dir - straight line, f - jelly
Aim: a jelly (lightly wounded, 100% to hit)
The sting hits the jelly.
The jelly partially resists.
The jelly is poisoned.
The jelly is moderately wounded.
Magical energy flows into your mind! The jelly barely misses you.
Casting: Sting (safe; 3% risk of failure)
Confirm with . or Enter, or press ? or * to list all spells.
Aiming: Sting (safe; 3% risk of failure)
Press: ? - help, Shift-Dir - straight line, f/p - jelly
Aim: a jelly (heavily wounded, poisoned, 100% to hit)
The sting hits the jelly.
The jelly looks even sicker.
The jelly is heavily wounded.
The jelly closely misses you.
A sky beast appears from thin air!
Reactivating autopickup.
Casting: Sting (safe; 3% risk of failure)
Confirm with . or Enter, or press ? or * to list all spells.
Aiming: Sting (safe; 3% risk of failure)
Press: ? - help, Shift-Dir - straight line, f/p - jelly
Aim: a jelly (heavily wounded, very poisoned, 100% to hit)
The sting hits the jelly.
The jelly partially resists.
The jelly is severely wounded.
Magical energy flows into your mind! The jelly hits you.
* * * LOW HITPOINT WARNING * * *
You are splashed with acid!
* * * LOW HITPOINT WARNING * * *
Casting: Sting (safe; 3% risk of failure)
Confirm with . or Enter, or press ? or * to list all spells.
Aiming: Sting (safe; 3% risk of failure)
Press: ? - help, Shift-Dir - straight line, f/p - jelly
Aim: a jelly (rain, almost dead, very poisoned, 100% to hit)
The sting hits the jelly.
The jelly partially resists.
The jelly is almost dead.
The jelly misses you.
Casting: Sting (safe; 3% risk of failure)
Confirm with . or Enter, or press ? or * to list all spells.
Aiming: Sting (safe; 3% risk of failure)
Press: ? - help, Shift-Dir - straight line, f/p - jelly
Aim: a jelly (almost dead, very poisoned, 100% to hit)
The sting hits the jelly.
The jelly partially resists.
You kill the jelly!
The Council accepts your kill.
Your Shapeshifting skill increases to level 5!
Casting: Sting (safe; 3% risk of failure)
Confirm with . or Enter, or press ? or * to list all spells.
Aiming: Sting (safe; 3% risk of failure)
Press: ? - help, Shift-Dir - straight line, f - sky beast
Aim: a sky beast (severely wounded, poisoned, 67% to hit)
The sting hits the sky beast but does no damage.
The sky beast looks even sicker.
The sky beast is severely wounded.
The sky beast misses you.
Casting: Sting (safe; 3% risk of failure)
Confirm with . or Enter, or press ? or * to list all spells.
Aiming: Sting (safe; 3% risk of failure)
Press: ? - help, Shift-Dir - straight line, f/p - sky beast
Aim: a sky beast (severely wounded, very poisoned, 67% to hit)
The sting hits the sky beast.
The sky beast looks even sicker.
The sky beast is severely wounded.
The sky beast hits you.
* * * LOW HITPOINT WARNING * * *
The sky beast shocks you.
* * * LOW HITPOINT WARNING * * *
You feel better. The sky beast hits you.
* * * LOW HITPOINT WARNING * * *
The sky beast shocks you.
* * * LOW HITPOINT WARNING * * *
You feel better. The sky beast hits you.
* * * LOW HITPOINT WARNING * * *
The sky beast shocks you.
You die...

#...............)...'...#
#.
###.................###.#
#.
#.....................###.
#...#.#.###########.......
#.....#.# #.....#........
#...#.#.####.###.#........
#>....#........#.#.....##.
#..#...#####.#.#.####..##.
##.......@Y.~#.#.......##.
##.#######)## #######.##.
.......>).......###.##.
........)..............
#........#.####.# #....
........#...##.# #....
........##.....# #.[..
.....##.##..######.###
....# .#.##......#.#


You could see a sky beast (very poisoned).

Vanquished Creatures
  A two-headed ogre (D:8)
  Grinder (D:6)
  A wyvern (D:8)
  2 steam dragons
  A phantom (D:4)
  A centaur (D:5)
  2 kobold brigands (D:8)
  A bullfrog (D:8)
  A gnoll sergeant (D:8)
  2 scorpions (D:5)
  12 wights
  4 orc priests (D:7)
  A jelly (D:7)
  A gnoll bouda (D:8)
  2 hounds
  A sleepcap (D:4)
  3 iguanas
  An orc wizard (D:7)
  2 adders (D:4)
  12 gnolls
  A shadow imp (D:4)
  A white imp (D:7)
  2 dart slugs
  13 orcs
  2 endoplasms
  A giant cockroach (D:2)
  5 goblins
  3 hobgoblins
  13 kobolds
  4 quokkas
  9 ball pythons
  3 bats
  A frilled lizard (D:2)
  7 rats
  A butterfly (D:6)
118 creatures vanquished.

Notes
Turn   | Place    | Note
-------+----------+-------------------------------------------
     0 | D:1      | Flugslaktarn the Octopode Alchemist began the quest for the
                  | Orb.
     0 | D:1      | Reached XP level 1. HP: 11/11 MP: 3/3
   126 | D:1      | Reached XP level 2. HP: 13/17 MP: 3/5
   193 | D:1      | Reached skill level 4 in Alchemy
   245 | D:2      | Reached XP level 3. HP: 21/21 MP: 2/6
   320 | D:2      | Found a faded altar of an unknown god.
   635 | D:4      | Reached XP level 4. HP: 27/27 MP: 3/8
   660 | D:4      | Learned a level 4 spell: Olgreb's Toxic Radiance
   717 | D:4      | Reached skill level 5 in Alchemy
   799 | D:4      | Reached XP level 5. HP: 19/31 MP: 6/9
   862 | D:4      | Noticed a phantom
   893 | D:4      | Killed a phantom
   894 | D:4      | Reached skill level 6 in Alchemy
   894 | D:4      | Reached XP level 6. HP: 15/36 MP: 8/11
   986 | D:5      | Entered Level 5 of the Dungeon
  1028 | D:5      | Noticed a kobold demonologist
  1029 | D:5      | Found a transporter.
  1042 | D:5      | Reached skill level 1 in Fighting
  1106 | D:5      | Found a transporter.
  1352 | D:5      | Identified the +3 pair of boots "Quexuice" {Harm rC+ Dex+2
                  | Stlth-}
  1411 | D:4      | Learned a level 4 spell: Sticky Flame
  1521 | D:5      | Reached XP level 7. HP: 22/45 MP: 9/13
  1592 | D:6      | Noticed Grinder
  1606 | D:6      | Reached skill level 1 in Fire Magic
  1662 | D:6      | Found a staircase to the Ecumenical Temple.
  1670 | Temple   | Entered the Ecumenical Temple
  1675 | Temple   | Became a worshipper of the Wu Jian Council
  1710 | D:6      | Noticed a steam dragon
  1731 | D:6      | Killed a steam dragon
  1732 | D:6      | Reached skill level 7 in Alchemy
  1744 | D:6      | Found a glowing silver altar of Zin.
  1839 | D:7      | Noticed a steam dragon
  1848 | D:7      | Killed a steam dragon
  1873 | D:7      | Reached XP level 8. HP: 13/52 MP: 5/14
  2139 | D:5      | Reached skill level 5 in Fire Magic
  2201 | D:6      | Paralysed by Grinder for 4 turns
  2208 | D:6      | Killed Grinder
  2453 | D:6      | Reached skill level 1 in Unarmed Combat
  2459 | D:6      | Reached skill level 5 in Fighting
  2527 | D:7      | Reached XP level 9. HP: 55/61 MP: 15/15
  2571 | D:7      | Reached * piety under Wu Jian
  2781 | D:8      | Reached skill level 1 in Shapeshifting
  2858 | D:8      | Noticed a two-headed ogre
  2900 | D:8      | Killed a two-headed ogre
  2945 | D:8      | Found a runed translucent door.
  2946 | D:8      | Found a shimmering altar of Xom.
  2946 | D:8      | Noticed makewrite's ghost (novice MiGl)
  2947 | D:8      | Noticed a +1 quarterstaff of chaos
  3068 | D:7      | Reached skill level 5 in Shapeshifting
  3069 | D:7      | HP: 2/62 [sky beast (6)]
  3071 | D:7      | Slain by a sky beast

Illustrated notes

Levels and vault maps discovered:
D:1:      eino_arrival_druids_welcome, layout_rooms
D:2:      layout_loops_corners, hellmonk_ecumenical_altar_prayer_group,
          basic_altar, uniq_robin
D:3:      layout_basic
D:4:      layout_basic, serial_curves, eino_curves_04, eino_curves_04,
          eino_curves_02
D:5:      gammafunk_wand_slinger, layout_basic, minmay_hedge_maze,
          dk_noncrumbling_4, serial_bayou_lake_a
D:6:      cheibrodos_two_vegetables, layout_loops_ring,
          mainiacjoe_overflow_boulevard, minmay_temple_entry_butterflies,
          uniq_maggie, uniq_grinder
D:7:      layout_basic, marbit_many_paths
D:8:      nzn_winding_woodlands_three_and_one [nzn_winding_woodlands_5x15_cabin,
          nzn_winding_woodlands_5x15_longhouse, nzn_winding_woodlands_5x15_eye,
          nzn_winding_woodlands_center_lodge], layout_basic, ebering_ghost_xom,
          st_stairs_6
Temple:   compressed_dpeg_triangle_lava_temple

Skill      XL: |  1  2  3  4  5  6  7  8  9 |
---------------+----------------------------+-----
Alchemy        | 4 5 6 7 |  7.0
Spellcasting   | 3 4 |  4.0
Fighting       | 2 3 5 6 |  6.0
Fire Magic     | 4 5 |  5.0
Dodging        | 4 |  4.0
Unarmed Combat | 2 4 |  4.1
Shapeshifting  | 5 |  5.0
Stealth        | |  2.6
Conjurations   | |  1.0

Action                     |  1- 3 |  4- 6 |  7- 9 || total
---------------------------+-------+-------+-------++-------
  Melee: Unarmed           |    27 |       |       ||    27
         Constrict         |    12 |     7 |    20 ||    39
         Tentacles         |     5 |     6 |    13 ||    24
         Dagger            |    23 |    38 |       ||    61
         Punch             |     1 |     1 |     1 ||     3
         Flail             |       |       |    34 ||    34
         Trident           |       |       |    21 ||    21
   Cast: Sting             |    31 |    31 |    21 ||    83
         Olgreb's Toxic Ra |       |     5 |    22 ||    27
         Sticky Flame      |       |       |    10 ||    10
Ability: Lunge             |       |       |     3 ||     3
    Use: Potion            |       |     3 |     4 ||     7
         Scroll            |       |     5 |     2 ||     7
   Stab: Sleeping          |     1 |       |     2 ||     3
 Armour: Skin              |    27 |    34 |    45 ||   106
  Dodge: Dodged            |    50 |    49 |    44 ||   143

Table legend: (Time is in decaauts)
 A = Elapsed time spent in this place.
 B = Non-inter-level travel time spent in this place.
 C = Inter-level travel time spent in this place.
 D = Time resting spent in this place.
 E = Time spent auto-exploring this place.
 F = Levels seen in this place.
 G = Mean time per level.
                   A        B        C        D        E       F      G
               +--------+--------+--------+--------+--------+-----+--------+
         Total |   3087 |   2872 |    215 |      0 |    707 |   9 |  343.0 |
       Dungeon |   3076 |   2861 |    215 |      0 |    707 |   8 |  384.5 |
        Temple |     10 |     10 |      0 |      0 |      0 |   1 |   10.0 |
               +--------+--------+--------+--------+--------+-----+--------+

Top non-repeatable levels by time:
     D:7: 585 daAuts
     D:5: 538 daAuts
     D:4: 495 daAuts
     D:6: 465 daAuts
     D:8: 385 daAuts
     D:2: 330 daAuts
     D:1: 246 daAuts
     D:3: 29 daAuts
  Temple: 10 daAuts
